SNL (28 & UNDER)
KEY WEST BARRACUDAS @ MONTGOMERY BISCUITS
09/11/2029
 
TOP OF THE 1ST
Key West Barracudas batting - Pitching for Montgomery Biscuits : RHP Brian Barker
Pitching: RHP Brian Barker
Batting: SHB Luis Manuel López 0-0: Ball
1-0: Called Strike
1-1: Ball
2-1: Foul Ball, location: 2F
2-2: Fly out, F7 (Flyball, 78S)
Batting: RHB Chris Adams 0-0: Foul Ball, location: 2F
0-1: Ball
1-1: Called Strike
1-2: Strikes out swinging
Batting: LHB Domingo Ledesma 0-0: Ball
1-0: Foul Ball, location: 2F
1-1: Swinging Strike
1-2: Strikes out swinging
Top of the 1st over - 0 runs, 0 hits, 0 errors, 0 left on base; Key West 0 - Montgomery 0
BOTTOM OF THE 1ST
Montgomery Biscuits batting - Pitching for Key West Barracudas : RHP Kade Coleman
Pitching: RHP Kade Coleman
Batting: RHB Frederick Curtis 0-0: Ball
1-0: Ball
2-0: Ball
3-0: Called Strike
3-1: SINGLE (Line Drive, 56)
Batting: RHB Reinaldo Amarante 0-0: Ball
1-0: Called Strike
1-1: Grounds into double play, 4-6-3 (Groundball, 4)
Batting: RHB Lorenzo Tamayo 0-0: Ball
1-0: DOUBLE (Flyball, 78D)
Batting: SHB Marvin López 0-0: Called Strike
0-1: Swinging Strike
0-2: Foul Ball, location: 2F
0-2: Strikes out swinging
Bottom of the 1st over - 0 runs, 2 hits, 0 errors, 1 left on base; Key West 0 - Montgomery 0
TOP OF THE 2ND
Key West Barracudas batting - Pitching for Montgomery Biscuits : RHP Brian Barker
Batting: SHB Héctor Jiménez 0-0: Called Strike
0-1: Swinging Strike
0-2: Fly out, F9 (Flyball, 9LM)
Batting: SHB Júlio Ayala 0-0: Ball
1-0: Foul Ball, location: 2F
1-1: Swinging Strike
1-2: Fly out, F7 (Flyball, 7S)
Batting: LHB Motoki Hirata 0-0: Called Strike
0-1: TRIPLE (Flyball, 89XD)
Batting: RHB Anastasio Zartuche 0-0: Ball
1-0: Ball
2-0: Ball
3-0: Called Strike
3-1: Base on Balls
Batting: LHB Mauro Díaz 0-0: Swinging Strike
0-1: Ball
1-1: Called Strike
1-2: Strikes out looking
Top of the 2nd over - 0 runs, 1 hit, 0 errors, 2 left on base; Key West 0 - Montgomery 0
BOTTOM OF THE 2ND
Montgomery Biscuits batting - Pitching for Key West Barracudas : RHP Kade Coleman
Batting: SHB Pancho Ruíz 0-0: Ball
1-0: Foul Ball, location: 2F
1-1: SINGLE (Line Drive, 89S)
Batting: RHB Bob McDonald 0-0: Called Strike
0-1: Foul Ball, location: 2F
0-2: Foul Ball, location: 2F
0-2: Strikes out swinging
Batting: LHB José Martínez 0-0: SINGLE (Flyball, 8LS)
Pancho Ruíz to second
Batting: SHB Lawrence Farley 0-0: Called Strike
0-1: Ball
1-1: Ball
2-1: SINGLE (Groundball, 4) (infield hit)
Pancho Ruíz to third
José Martínez to second
Batting: SHB Joe Pierce 0-0: Foul Ball, location: 2F
0-1: Grounds into double play, 6-4-3 (Groundball, 6M)
Bottom of the 2nd over - 0 runs, 3 hits, 0 errors, 2 left on base; Key West 0 - Montgomery 0
TOP OF THE 3RD
Key West Barracudas batting - Pitching for Montgomery Biscuits : RHP Brian Barker
Batting: LHB Juan Lima 0-0: Foul Ball, location: 2F
0-1: Ball
1-1: Called Strike
1-2: Foul Ball, location: 2F
1-2: Ball
2-2: Ball
3-2: Fly out, F8 (Flyball, 8RD)
Batting: SHB Luis Manuel López 0-0: Ball
1-0: Ball
2-0: Called Strike
2-1: SINGLE (Line Drive, 4M)
Batting: RHB Chris Adams 0-0: Ball
1-0: Called Strike
1-1: Ball
2-1: SINGLE (Line Drive, 78S)
Luis Manuel López to second
Batting: LHB Domingo Ledesma 0-0: Ball
1-0: Called Strike
1-1: Called Strike
1-2: Grounds into double play, 4-6-3 (Groundball, 4)
Top of the 3rd over - 0 runs, 2 hits, 0 errors, 1 left on base; Key West 0 - Montgomery 0
BOTTOM OF THE 3RD
Montgomery Biscuits batting - Pitching for Key West Barracudas : RHP Kade Coleman
Batting: RHB Frederick Curtis 0-0: Foul Ball, location: 2F
0-1: Called Strike
0-2: Strikes out swinging
Batting: RHB Reinaldo Amarante 0-0: Swinging Strike
0-1: Ball
1-1: Swinging Strike
1-2: Ball
2-2: SINGLE (Groundball, 4MD)
Batting: RHB Lorenzo Tamayo 0-0: Ball
1-0: Ball
2-0: Ball
3-0: Called Strike
3-1: Swinging Strike
3-2: Fly out, F7 (Line Drive, 7)
Batting: SHB Marvin López 0-0: Called Strike
0-1: Ball
1-1: Ball
2-1: Ball
3-1: Called Strike
3-2: Strikes out swinging
Bottom of the 3rd over - 0 runs, 1 hit, 0 errors, 1 left on base; Key West 0 - Montgomery 0
TOP OF THE 4TH
Key West Barracudas batting - Pitching for Montgomery Biscuits : RHP Brian Barker
Batting: SHB Héctor Jiménez 0-0: Ball
1-0: Ball
2-0: Called Strike
2-1: Ball
3-1: Foul Ball, location: 2F
3-2: Foul Ball, location: 2F
3-2: Ground out 4-3 (Groundball, 4)
Batting: SHB Júlio Ayala 0-0: Called Strike
0-1: Called Strike
0-2: Ball
1-2: Ball
2-2: Ball
3-2: Base on Balls
Batting: LHB Motoki Hirata 0-0: Ball
1-0: DOUBLE (Line Drive, 8RXD)
Júlio Ayala to third
Batting: RHB Anastasio Zartuche 0-0: Ball
1-0: Ground out 6-3 (Groundball, 6)
Batting: LHB Mauro Díaz 0-0: Intentional Walk
Batting: LHB Juan Lima 0-0: Ball
1-0: Ball
2-0: Ball
3-0: Called Strike
3-1: Base on Balls
Júlio Ayala scores
Motoki Hirata to third
Mauro Díaz to second
Batting: SHB Luis Manuel López 0-0: Ball
1-0: Called Strike
1-1: Ball
2-1: SINGLE (Line Drive, 4MD)
Motoki Hirata scores
Mauro Díaz to third
Juan Lima to second
Runner from 3rd tries for Home, SAFE, throw made home
Batting: RHB Chris Adams 0-0: Swinging Strike
0-1: Swinging Strike
0-2: Strikes out swinging
Top of the 4th over - 3 runs, 2 hits, 0 errors, 2 left on base; Key West 3 - Montgomery 0
BOTTOM OF THE 4TH
Montgomery Biscuits batting - Pitching for Key West Barracudas : RHP Kade Coleman
Batting: SHB Pancho Ruíz 0-0: Ball
1-0: Foul Ball, location: 2F
1-1: SINGLE (Flyball, 8RS)
Batting: RHB Bob McDonald 0-0: Swinging Strike
0-1: Ball
1-1: Ball
2-1: Ball
3-1: Called Strike
3-2: Fly out, F7 (Flyball, 7)
Batting: LHB José Martínez 0-0: Called Strike
0-1: Ball
1-1: Foul Ball, location: 2F
1-2: Strikes out looking
Batting: SHB Lawrence Farley 0-0: Ball
1-0: Foul Ball, location: 2F
1-1: Ball
2-1: Called Strike
2-2: Strikes out swinging
Bottom of the 4th over - 0 runs, 1 hit, 0 errors, 1 left on base; Key West 3 - Montgomery 0
TOP OF THE 5TH
Key West Barracudas batting - Pitching for Montgomery Biscuits : RHP Brian Barker
Batting: LHB Domingo Ledesma 0-0: Ball
1-0: Foul Ball, location: 2F
1-1: Ball
2-1: Swinging Strike
2-2: Ball
3-2: Strikes out looking
Batting: SHB Héctor Jiménez 0-0: Called Strike
0-1: Ball
1-1: Ball
2-1: SINGLE (Line Drive, 56D)
Batting: SHB Júlio Ayala 0-0: Swinging Strike
0-1: Swinging Strike
0-2: Ball
1-2: Ball
2-2: Strikes out looking
Batting: LHB Motoki Hirata 0-0: Ball
1-0: Called Strike
1-1: Foul Ball, location: 2F
1-2: Foul Ball, location: 2F
1-2: Ball
2-2: Foul Ball, location: 2F
2-2: Strikes out swinging
Top of the 5th over - 0 runs, 1 hit, 0 errors, 1 left on base; Key West 3 - Montgomery 0
BOTTOM OF THE 5TH
Montgomery Biscuits batting - Pitching for Key West Barracudas : RHP Kade Coleman
Batting: SHB Joe Pierce 0-0: Ball
1-0: Fly out, F7 (Flyball, 7LDF)
Batting: RHB Frederick Curtis 0-0: Ball
1-0: Ball
2-0: Ball
3-0: Called Strike
3-1: Called Strike
3-2: Ground out 6-3 (Groundball, 6)
Batting: RHB Reinaldo Amarante 0-0: SINGLE (Line Drive, 7S)
Batting: RHB Lorenzo Tamayo 0-0: Called Strike
0-1: Ball
1-1: Ball
2-1: Foul Ball, location: 2F
2-2: Foul Ball, location: 2F
2-2: Foul Ball, location: 2F
2-2: Ball
3-2: TRIPLE (Groundball, 5L)
Reinaldo Amarante scores
Pitching: RHP Sean Flynn
Batting: SHB Marvin López 0-0: Foul Ball, location: 2F
0-1: Foul Ball, location: 2F
0-2: Ball
1-2: Ball
2-2: Ball
3-2: Base on Balls
Batting: SHB Pancho Ruíz 0-0: Ball
1-0: Ball
2-0: Called Strike
2-1: Ball
3-1: Called Strike
3-2: SINGLE (Line Drive, 4D)
Lorenzo Tamayo scores
Marvin López to second
Marvin López to third
Batting: RHB Bob McDonald 0-0: Fielders Choice at 2nd, 5-4 (Groundball, 5L)
Bottom of the 5th over - 2 runs, 3 hits, 0 errors, 2 left on base; Key West 3 - Montgomery 2
TOP OF THE 6TH
Key West Barracudas batting - Pitching for Montgomery Biscuits : RHP Brian Barker
Pitching: RHP Raúl Martínez
Batting: RHB Anastasio Zartuche 0-0: Ball
1-0: Ball
2-0: SOLO HOME RUN (Line Drive, 7LD) (Inside the Park)
Batting: LHB Mauro Díaz 0-0: Foul Ball, location: 2F
0-1: Ground out 6-3 (Groundball, 6D)
Batting: LHB Juan Lima 0-0: Swinging Strike
0-1: Foul Ball, location: 2F
0-2: Strikes out swinging
Batting: SHB Luis Manuel López 0-0: Called Strike
0-1: Foul Ball, location: 2F
0-2: Ground out 6-3 (Groundball, 6)
Top of the 6th over - 1 run, 1 hit, 0 errors, 0 left on base; Key West 4 - Montgomery 2
BOTTOM OF THE 6TH
Montgomery Biscuits batting - Pitching for Key West Barracudas : RHP Sean Flynn
Batting: LHB José Martínez 0-0: Swinging Strike
0-1: Ball
1-1: Ball
2-1: Ball
3-1: Swinging Strike
3-2: Base on Balls
Batting: SHB Lawrence Farley 0-0: Foul Ball, location: 2F
0-1: Foul Ball, location: 2F
0-2: Ball
1-2: Ball
2-2: SINGLE (Line Drive, 56D)
José Martínez to second
Batting: SHB Joe Pierce 0-0: Fly out, F6 (Popup, 6M)
Batting: RHB Frederick Curtis 0-0: Called Strike
0-1: Ball
1-1: Foul Ball, location: 2F
1-2: Ball
2-2: Ball
3-2: Foul Ball, location: 2F
3-2: Fly out, F8 (Flyball, 8RD)
Batting: RHB Reinaldo Amarante 0-0: Fly out, F8 (Flyball, 8RD)
Bottom of the 6th over - 0 runs, 1 hit, 0 errors, 2 left on base; Key West 4 - Montgomery 2
TOP OF THE 7TH
Key West Barracudas batting - Pitching for Montgomery Biscuits : RHP Raúl Martínez
Batting: RHB Chris Adams 0-0: Called Strike
0-1: Fly out, F7 (Flyball, 78S)
Batting: LHB Domingo Ledesma 0-0: Swinging Strike
0-1: Ball
1-1: Ball
2-1: Foul Ball, location: 2F
2-2: Strikes out swinging
Batting: SHB Héctor Jiménez 0-0: Ball
1-0: SINGLE (Groundball, 5D)
Batting: SHB Júlio Ayala 0-0: Called Strike
0-1: Ground out 4-3 (Groundball, 4MD)
Top of the 7th over - 0 runs, 1 hit, 0 errors, 1 left on base; Key West 4 - Montgomery 2
BOTTOM OF THE 7TH
Montgomery Biscuits batting - Pitching for Key West Barracudas : RHP Sean Flynn
Batting: RHB Lorenzo Tamayo 0-0: Ball
1-0: Called Strike
1-1: Ball
2-1: Fly out, F8 (Flyball, 8LS)
Batting: SHB Marvin López 0-0: Ball
1-0: Ball
2-0: Called Strike
2-1: Swinging Strike
2-2: Foul Ball, location: 2F
2-2: Ball
3-2: Ground out 6-3 (Groundball, 56)
Batting: SHB Pancho Ruíz 0-0: Foul Ball, location: 2F
0-1: Called Strike
0-2: Ball
1-2: Foul Ball, location: 2F
1-2: Ball
2-2: Fly out, F4 (Flyball, 34D)
Bottom of the 7th over - 0 runs, 0 hits, 0 errors, 0 left on base; Key West 4 - Montgomery 2
TOP OF THE 8TH
Key West Barracudas batting - Pitching for Montgomery Biscuits : RHP Raúl Martínez
Batting: LHB Motoki Hirata 0-0: Ball
1-0: Called Strike
1-1: Ground out U3 (Groundball, 34S)
Batting: RHB Anastasio Zartuche 0-0: Called Strike
0-1: Ball
1-1: Ball
2-1: Ground out 4-3 (Groundball, 4)
Batting: LHB Mauro Díaz 0-0: Ball
1-0: Swinging Strike
1-1: Ball
2-1: Swinging Strike
2-2: Strikes out swinging
Top of the 8th over - 0 runs, 0 hits, 0 errors, 0 left on base; Key West 4 - Montgomery 2
BOTTOM OF THE 8TH
Montgomery Biscuits batting - Pitching for Key West Barracudas : RHP Sean Flynn
Batting: RHB Bob McDonald 0-0: Ball
1-0: Ball
2-0: Ball
3-0: Called Strike
3-1: Foul Ball, location: 2F
3-2: Foul Ball, location: 2F
3-2: Strikes out swinging
Pitching: RHP Gabe Lewis
Batting: LHB José Martínez 0-0: Ball
1-0: Ball
2-0: Ball
3-0: Base on Balls
Batting: SHB Lawrence Farley 0-0: Ball
1-0: Called Strike
1-1: Foul Ball, location: 2F
1-2: Ball
2-2: Foul Ball, location: 2F
2-2: Foul Ball, location: 2F
2-2: Foul Ball, location: 2F
2-2: Strikes out swinging
Batting: SHB Joe Pierce 0-0: Ball
1-0: Swinging Strike
1-1: Foul Ball, location: 2F
1-2: Ball
2-2: Ball
3-2: Strikes out swinging
Bottom of the 8th over - 0 runs, 0 hits, 0 errors, 1 left on base; Key West 4 - Montgomery 2
TOP OF THE 9TH
Key West Barracudas batting - Pitching for Montgomery Biscuits : RHP Raúl Martínez
Batting: LHB Juan Lima 0-0: Ball
1-0: Swinging Strike
1-1: Foul Ball, location: 2F
1-2: Strikes out looking
Batting: SHB Luis Manuel López 0-0: Called Strike
0-1: Ball
1-1: Ball
2-1: Foul Ball, location: 2F
2-2: Foul Ball, location: 2F
2-2: Ball
3-2: Base on Balls
Batting: RHB Chris Adams 0-0: Ball
1-0: Ball
2-0: Ball
3-0: Base on Balls
Luis Manuel López to second
Pitching: RHP Clancy Steele
Batting: LHB Domingo Ledesma 0-0: Ball
1-0: Ball
Luis Manuel López steals 3rd base
2-0: Called Strike
2-1: Foul Ball, location: 2F
2-2: Foul Ball, location: 2F
2-2: Strikes out looking
Batting: SHB Héctor Jiménez 0-0: Ball
Wild Pitch!
Luis Manuel López scores
Chris Adams to second
1-0: Ball
2-0: Ball
3-0: Base on Balls
Batting: SHB Júlio Ayala 0-0: Called Strike
0-1: Foul Ball, location: 2F
0-2: Foul Ball, location: 2F
0-2: Ball
1-2: Strikes out swinging
Top of the 9th over - 1 run, 0 hits, 0 errors, 2 left on base; Key West 5 - Montgomery 2
BOTTOM OF THE 9TH
Montgomery Biscuits batting - Pitching for Key West Barracudas : RHP Gabe Lewis
Pitching: RHP Gerald Núñez
Batting: RHB Frederick Curtis 0-0: Foul Ball, location: 2F
0-1: Ball
1-1: Foul Ball, location: 2F
1-2: SINGLE (Flyball, 78S)
Batting: RHB Reinaldo Amarante 0-0: Ball
1-0: Called Strike
1-1: Fly out, F9 (Flyball, 9)
Batting: RHB Lorenzo Tamayo 0-0: Called Strike
0-1: Foul Ball, location: 2F
0-2: Ball
1-2: Ball
2-2: Ball
3-2: Hit by Pitch
Frederick Curtis to second
Batting: SHB Marvin López 0-0: Foul Ball, location: 2F
0-1: Ball
1-1: SINGLE (Groundball, 6MD)
Frederick Curtis to third
Lorenzo Tamayo to second
Batting: SHB Pancho Ruíz 0-0: Swinging Strike
0-1: Called Strike
0-2: Foul Ball, location: 2F
0-2: SINGLE (Line Drive, 8LS)
Frederick Curtis scores
Lorenzo Tamayo to third
Marvin López to second
Batting: RHB Bob McDonald 0-0: Fly out, F8 (Flyball, 8RM)
Batting: LHB José Martínez 0-0: Fielders Choice at 2nd, 6-4 (Groundball, 6)
Bottom of the 9th over - 1 run, 3 hits, 0 errors, 3 left on base; Key West 5 - Montgomery 3
Saturday, December 16th, 2017 - OOTP Baseball 18.8 Build 76